 Dungeon Crawl Stone Soup version 0.23-a0-49-gd9f7a49668 (webtiles) character file.

18570 GordonOverkill the Thaumaturge (level 12, -9/94 HPs)
             Began as a Mummy Fire Elementalist on Aug 7, 2018.
             Was a Priest of Kikubaaqudgha.
             Killed from afar by an ice statue (19 damage)
             ... with a shard of ice
             ... in an ice cave.
             The game lasted 00:45:53 (21434 turns).

GordonOverkill the Thaumaturge (MuFE)              Turns: 21434, Time: 00:45:54

Health: -9/94      AC: 11    Str: 11    XL:     12   Next: 28%
Magic:  21/28      EV: 17    Int: 19    God:    Kikubaaqudgha [***...]
Gold:   1011       SH:  5    Dex: 13    Spells: 20/35 levels left

rFire    + . .     SeeInvis .   a - +3 whip (elec)
rCold    + + .     Gourm    .   c - +0 buckler
rNeg     + + +     Faith    +   A - +2 robe {Archmagi}
rPois    ∞         Spirit   .   s - +2 helmet
rElec    .         Reflect  .   u - +2 cloak {MR+}
rCorr    +         Harm     .   h - +0 pair of gloves "Ceguopp" {rPois rF+ rC+ rCorr}
MR       ++...                  (no boots)
Stlth    ++........             n - amulet of faith
HPRegen  0.25/turn              g - ring of protection from fire
MPRegen  0.21/turn              y - +5 ring of evasion

@: no status effects
A: no food or potions, fire vulnerability, cold resistance 1, negative energy
resistance 3, torment resistance, unbreathing
a: Receive Corpses, Renounce Religion


You were in an ice cave.
You worshipped Kikubaaqudgha.
Kikubaaqudgha was most pleased with you.
You were not hungry.

You visited 3 branches of the dungeon, and saw 15 of its levels.
You also visited: Bailey and Ice Cave.

You collected 1011 gold pieces.

Inventory:

Hand Weapons
 a - a +3 whip of electrocution (weapon)
 b - a +0 trident of venom
 z - the +3 flail "Lunash" {pain, rN+ Str+2 Dex-3 Stlth+}
   (You took it off an orc wizard on level 10 of the Dungeon)

   In the hands of one skilled in necromantic magic, it inflicts extra damage on
   living creatures.
   It affects your strength (+2).
   It affects your dexterity (-3).
   It protects you from negative energy.
   It makes you more stealthy.
Missiles
 d - 6 throwing nets
 f - 278 stones (quivered)
Armour
 c - a +0 buckler (worn)
 h - the +0 pair of gloves "Ceguopp" (worn) {rPois rF+ rC+ rCorr}
   (You found it on level 7 of the Dungeon)

   It protects you from fire.
   It protects you from cold.
   It protects you from poison.
   It provides partial protection from all sources of acid and corrosion.
 s - a +2 helmet (worn)
 u - a +2 cloak of magic resistance (worn)
 A - a +2 robe of the Archmagi (worn)
Magical Staves
 x - an uncursed staff of conjuration
Jewellery
 g - a ring of protection from fire (left hand)
 k - a +2 ring of intelligence
 n - an amulet of faith (around neck)
 q - an uncursed ring of fire
 w - an uncursed ring of see invisible
 y - a +5 ring of evasion (right hand)
 C - an uncursed ring of wizardry
 D - a +4 amulet of reflection
Wands
 i - a wand of random effects (11)
 j - a wand of enslavement (14)
 v - a wand of flame (17)
Scrolls
 e - 7 scrolls of teleportation
 l - 3 scrolls of amnesia
 m - 4 scrolls of remove curse
 o - a scroll of immolation
 p - 2 scrolls of fog
 r - 2 scrolls of enchant armour
 B - a scroll of enchant weapon
 F - a scroll of identify


   Skills:
 + Level 8.6 Fighting
 - Level 2.0 Dodging
 - Level 2.0 Stealth
 - Level 4.0 Shields
 - Level 12.0 Spellcasting
 - Level 6.0 Conjurations
 - Level 10.0 Necromancy
 - Level 6.0 Fire Magic
 - Level 4.0 Evocations


You had 20 spell levels left.
You knew the following spells:

 Your Spells              Type           Power        Failure   Level  Hunger
a - Flame Tongue          Conj/Fire      #####        1%          1    N/A
b - Conjure Flame         Conj/Fire      ######..     1%          3    N/A
c - Sticky Flame          Conj/Fire      ######..     4%          4    N/A
d - Fireball              Conj/Fire      ######....   14%         5    N/A
e - Throw Flame           Conj/Fire      ######       1%          2    N/A

Your spell library contained the following spells:

 Spells                   Type           Power        Failure   Level  Hunger
 Confuse                  Hex            ###.....     19%         3    N/A
 Animate Dead             Necr           N/A          1%          4    N/A
 Pain                     Necr           ####         1%          1    N/A
 Animate Skeleton         Necr           N/A          1%          1    N/A
 Vampiric Draining        Necr           ######....   1%          3    N/A
 Dispel Undead            Necr           ######..     2%          5    N/A
 Tukima's Dance           Hex            ###.....     19%         3    N/A
 Corpse Rot               Necr           N/A          1%          2    N/A
 Stone Arrow              Conj/Erth      ####..       5%          3    N/A
 Agony                    Necr           ######..     2%          5    N/A
 Passwall                 Tmut/Erth      ###.....     9%          2    N/A
 Ensorcelled Hibernation  Hex/Ice        ###...       9%          2    N/A
 Corona                   Hex            ###....      6%          1    N/A
 Lee's Rapid Deconstruct  Erth           ###.......   86%         5    N/A
 Sandblast                Erth           ###...       6%          1    N/A
 Simulacrum               Ice/Necr       #####.....   75%         6    N/A
 Excruciating Wounds      Chrm/Necr      #####.....   22%         5    N/A
 Petrify                  Tmut/Erth      ###.....     52%         4    N/A
 Inner Flame              Hex/Fire       ####....     5%          3    N/A
 Dazzling Spray           Conj/Hex       ####..       5%          3    N/A

Dungeon Overview and Level Annotations

Branches:
Dungeon (11/15)            Temple (1/1) D:4            Lair (3/6) D:10
  Swamp (0/4) Lair:2        Snake (0/4) Lair:3
    Orc: D:9-12

Altars:
Ashenzari
Cheibriados
Dithmenos
Elyvilon
Fedhas
Hepliaklqana
Kikubaaqudgha
Makhleb
Nemelex Xobeh
Okawaru
Qazlal
Ru
Sif Muna
Uskayaw
Vehumet
Wu Jian
Xom
Yredelemnul
Zin
The Shining One

Shops:
D:6 (

Annotations:
D:6 1 runed door, Mirvelgyr's ghost, novice MiBe
D:8 2 runed doors, Htamos's ghost, novice TrCK IceCv 1 transporter, exclusion: 2 ice statues


Innate Abilities, Weirdness & Mutations

You do not eat or drink.
Your flesh is vulnerable to fire.
You are immune to poison.
Your flesh is cold resistant. (rC+)
You are immune to negative energy. (rN+++)
You are immune to unholy pain and torment.
You can survive without breathing.


Message History

The ice beast burns!
You kill the ice beast!
The ice statue gestures at you. The freezing blast engulfs you!
You are engulfed in freezing vapours.
You resist.
* * * LOW HITPOINT WARNING * * *
The ice statue gestures.
The ice beast misses you.
The ice statue gestures.
As you read the scroll of teleportation, it crumbles to dust.
You feel strangely unstable. The ice beast hits you.
* * * LOW HITPOINT WARNING * * *
The ice beast freezes you. You resist.
* * * LOW HITPOINT WARNING * * *
The ice statue gestures.
Your surroundings seem slightly different.
The ice statue gestures at you. The shard of ice hits you!
You partially resist.
You die...
Kikubaaqudgha rasps: "You have failed me!
Welcome... oblivion!"

##§§§..##
##§..∩...##
##...†.....##
#.....©.....#
#...........#
##...........##
#.§...........#
#.§..8...8....#
#...§YY)..@...#
##..§.[.?.Y..##
#..Y8Y).8...#
##...$©?...##
###########


You could see 2 ice statues and 5 ice beasts.

Vanquished Creatures
  Harold (D:8)
  A hydra (Lair:1)
  A two-headed ogre (D:10)
  Sonja (Lair:2)
  An orc knight (Bailey)
  2 ugly things (IceCv)
  A black mamba (Lair:3)
  2 spiny frogs (Lair:1)
  2 komodo dragons
  3 bog bodies (Lair:2)
  4 blink frogs (Lair:3)
  5 hippogriffs
  2 spriggans (Lair:2)
  3 yaks (Lair:1)
  2 wraiths
  4 wyverns
  A steam dragon (D:10)
  2 swamp worms (Lair:2)
  4 water moccasins
  Duvessa (D:5)
  9 ice beasts
  3 porcupines (Lair:2)
  16 orc warriors
  An eye of draining (D:10)
  2 sky beasts
  2 black bears
  4 ogres
  3 boggarts (D:10)
  5 wolves (Lair:1)
  8 centaurs
  6 crocodiles
  2 big kobolds (D:10)
  An elf zombie (D:9)
  Blork the orc (D:5)
  3 bullfrogs
  Dowan (D:5)
  A water moccasin zombie (D:6)
  A wyvern skeleton (D:10)
  3 scorpions
  9 killer bees
  5 wights
  3 howler monkeys
  2 troll skeletons (D:9)
  2 electric eels (Lair:2)
  A bullfrog zombie (D:9)
  6 crimson imps
  3 human zombies (D:9)
  A quasit (D:8)
  8 hounds
  3 jellies (D:10)
  A centaur skeleton (D:6)
  6 orc priests
  A gnoll shaman (D:10)
  7 orc wizards
  2 human skeletons (D:9)
  4 iguanas
  A statue (D:9)
  6 worker ants
  2 mummies (D:9)
  11 gnolls
  3 howler monkey skeletons
  9 adders
  2 shadow imps
  7 oozes
  2 adder skeletons
  4 worms
  2 dart slugs
  2 leopard geckos
  51 orcs
  4 bats
  5 giant cockroaches
  7 goblins
  6 hobgoblins
  12 kobolds
  3 quokkas
  2 ball pythons
  3 frilled lizards
  A leopard gecko skeleton (D:7)
  5 rats
329 creatures vanquished.

Vanquished Creatures (others)
  An orc wizard (D:6)
  3 fungi
  4 plants (Lair:2)
8 creatures vanquished.

Grand Total: 337 creatures vanquished

Notes
Turn   | Place    | Note
-------+----------+-------------------------------------------
     0 | D:1      | GordonOverkill the Mummy Fire Elementalist began the quest for the Orb.
     0 | D:1      | Reached XP level 1. HP: 13/13 MP: 4/4
   227 | D:1      | Reached skill level 1 in Conjurations
   318 | D:1      | Reached XP level 2. HP: 19/19 MP: 2/5
  1464 | D:2      | Found a snail-covered altar of Cheibriados.
  1646 | D:2      | Reached XP level 3. HP: 25/25 MP: 5/7
  1680 | D:2      | Reached skill level 3 in Spellcasting
  1819 | D:2      | Found a glowing golden altar of the Shining One.
  1868 | D:2      | Learned a level 3 spell: Conjure Flame
  1935 | D:2      | Reached skill level 1 in Fighting
  3107 | D:3      | Reached XP level 4. HP: 25/32 MP: 2/8
  3765 | D:3      | Reached XP level 5. HP: 35/38 MP: 3/10
  3825 | D:3      | Learned a level 4 spell: Sticky Flame
  4446 | D:4      | Reached skill level 4 in Spellcasting
  4803 | D:4      | Found a blossoming altar of Fedhas.
  4964 | D:4      | Found a staircase to the Ecumenical Temple.
  5004 | Temple   | Entered the Ecumenical Temple
  5158 | D:4      | Found a shattered altar of Ashenzari.
  5314 | D:5      | Entered Level 5 of the Dungeon
  5314 | D:5      | Noticed Duvessa
  5314 | D:5      | Noticed Dowan
  5401 | D:5      | Noticed Blork the orc
  5412 | D:5      | Killed Blork the orc
  5412 | D:5      | Reached XP level 6. HP: 23/46 MP: 4/12
  5880 | D:5      | Reached skill level 5 in Spellcasting
  5880 | D:5      | Reached XP level 7. HP: 52/52 MP: 2/14
  5987 | D:5      | Killed Duvessa
  6004 | D:5      | Killed Dowan
  6627 | D:5      | Reached XP level 8. HP: 60/60 MP: 11/16
  7112 | D:5      | Reached skill level 6 in Spellcasting
  7271 | D:5      | Found an iron altar of Okawaru.
  7406 | D:6      | Found a runed door.
  7613 | D:6      | Noticed Mirvelgyr's ghost (novice MiBe)
  7874 | D:6      | Found a white marble altar of Elyvilon.
  8148 | D:6      | Reached skill level 5 in Conjurations
  8148 | D:6      | Reached skill level 5 in Fire Magic
  8168 | D:6      | Found a deep blue altar of Sif Muna.
  8340 | D:6      | Found a shattered altar of Ashenzari.
  8347 | D:6      | Reached skill level 5 in Fighting
  8348 | D:6      | Found a hazy altar of Hepliaklqana.
  8348 | D:6      | Found a shimmering altar of Xom.
  8372 | D:6      | Found a hazy altar of Hepliaklqana.
  8372 | D:6      | Found a burning altar of Makhleb.
  8372 | D:6      | Found an ornate altar of the Wu Jian Council.
  8451 | D:6      | Found Hagifel's Weapon Boutique.
  8695 | D:6      | Reached skill level 7 in Spellcasting
  8972 | D:6      | Reached skill level 8 in Spellcasting
  8972 | D:6      | Reached XP level 9. HP: 65/68 MP: 14/21
  9521 | D:7      | Reached skill level 9 in Spellcasting
  9793 | D:7      | Got a smoking ring mail
  9942 | D:7      | Identified the cursed +0 ring mail "Ecadyu" {rPois Str-3 Dex+4 SInv} (You found it on level 7 of the Dungeon)
 10042 | D:6      | Found a hazy altar of Hepliaklqana.
 10178 | D:7      | Found a sacrificial altar of Ru.
 10522 | D:7      | Got a pair of spiked gloves
 10533 | D:7      | Identified the cursed +0 pair of gloves "Ceguopp" {rPois rF+ rC+ rCorr} (You found it on level 7 of the Dungeon)
 10664 | D:7      | Learned a level 5 spell: Fireball
 10904 | D:8      | Noticed Harold
 10925 | D:8      | Killed Harold
 10925 | D:8      | Reached skill level 10 in Spellcasting
 11356 | D:8      | Found a flagged portal.
 11366 | Bailey   | Entered a bailey
 11381 | Bailey   | HP: 1/69 [orc warrior/bolt (20)]
 11864 | Bailey   | Learned a level 2 spell: Throw Flame
 12682 | Bailey   | Reached XP level 10. HP: 55/76 MP: 16/24
 13188 | Bailey   | Noticed an orc knight
 13275 | Bailey   | Killed an orc knight
 13275 | Bailey   | Reached skill level 11 in Spellcasting
 13714 | D:8      | Found a large runed door.
 13714 | D:8      | Noticed Htamos's ghost (novice TrCK)
 13715 | D:8      | Found a large runed door.
 13857 | D:8      | You fall through a shaft for 3 floors!
 13864 | D:10     | Entered Level 10 of the Dungeon
 15105 | D:9      | Found an ancient bone altar of Kikubaaqudgha.
 15114 | D:9      | Became a worshipper of Kikubaaqudgha
 15165 | D:9      | Found a radiant altar of Vehumet.
 15250 | D:9      | Found a shimmering altar of Xom.
 15251 | D:9      | Noticed an angel
 15252 | D:9      | Found a glowing silver altar of Zin.
 15908 | D:10     | Reached * piety under Kikubaaqudgha
 15908 | D:10     | Identified Kikubaaqudgha's Papyrus of Unholy Secrets (Kikubaaqudgha gifted it to you on level 10 of the Dungeon)
 15908 | D:10     | Received a gift from Kikubaaqudgha
 15912 | D:10     | Reached skill level 12 in Spellcasting
 15923 | D:10     | Reached XP level 11. HP: 86/86 MP: 21/27
 16011 | D:10     | Noticed a two-headed ogre
 16024 | D:10     | Killed a two-headed ogre
 16312 | D:10     | Got a crystal flail {pain}
 16319 | D:10     | Identified the +3 flail "Lunash" {pain, rN+ Str+2 Dex-3 Stlth+} (You took it off an orc wizard on level 10 of the Dungeon)
 16728 | D:10     | Reached ** piety under Kikubaaqudgha
 17204 | D:10     | Reached skill level 5 in Necromancy
 17375 | D:10     | Found a staircase to the Lair.
 17730 | Lair:1   | Entered Level 1 of the Lair of Beasts
 17956 | Lair:1   | Noticed a seven-headed hydra
 17964 | Lair:1   | Killed a seven-headed hydra
 18488 | Lair:1   | Reached skill level 1 in Evocations
 18962 | Lair:2   | Noticed Sonja
 18991 | Lair:2   | Killed Sonja
 19444 | Lair:2   | Found a deep blue altar of Sif Muna.
 19955 | Lair:2   | Reached XP level 12. HP: 30/92 MP: 2/28
 20218 | Lair:2   | Found a staircase to the Swamp.
 20752 | Lair:3   | Reached *** piety under Kikubaaqudgha
 20752 | Lair:3   | Identified Kikubaaqudgha's Tome of Evil (Kikubaaqudgha gifted it to you on level 3 of the Lair of Beasts)
 20752 | Lair:3   | Received a gift from Kikubaaqudgha
 20896 | Lair:3   | Found a frozen archway.
 20924 | IceCv    | Entered an ice cave
 20939 | IceCv    | Found a transporter.
 20963 | IceCv    | Reached skill level 10 in Necromancy
 21403 | IceCv    | Found the +12 Vampire's Tooth {vamp}
 21423 | IceCv    | Found a transporter.
 21434 | IceCv    | Killed from afar by an ice statue

Vault maps used:
D:1:      nzn_arrival_water_spiral, minmay_surrounded
D:2:      tso_metal_star, nicolae_overflow_hidden_temple, grunt_ministairs_12
D:4:      lemuel_round_altar, overflow_temple_1_default,
          minmay_temple_entry_crystal_x, first_ration
D:5:      marbit_many_paths, uniq_duvessa, uniq_blork_the_orc
D:6:      lemuel_upstairs_altar, led_sif_book, lemuel_round_altar,
          hellmonk_ghost_happy_afterlife, serial_shops, shop,
          doesnt_xom_only_xom
D:7:      minmay_item_behind_shaft, hangedman_abyss_or_decor_passed,
          nicolae_ru_awakened_eye
D:8:      trog_eyes_of_draining, grunt_gozag_statues, enter_bailey_8,
          ebering_ghost_disaster_area, uniq_harold
D:9:      grunt_temple_overflow_order_and_chaos_1,
          lemuel_mausoleum_altar_kikubaaqudgha, vehumet_statue
D:10:     erik_lair_dragon, hangedman_little_slice_of_home
Temple:   dpeg_three_leaves_temple
Lair:1:   st_stairs_7, grunt_megastairs_1
Lair:2:   wad_woods_stonehenge, nicolae_swamp_entry_splash_gauntlet,
          infiniplex_staircase_pool, lemuel_fruit_fields, uniq_sonja
Lair:3:   guppyfry_snake_entry_garden, portal_ice_cave_entry_pillars_1
Bailey:   bailey_polearm_2, bailey
IceCv:    ice_cave_statue_garden_transporter

Skill      XL: |  1  2  3  4  5  6  7  8  9 10 11 12 |
---------------+-------------------------------------+-----
Conjurations   | 1 2 3 4 5 6 |  6.0
Spellcasting   | 3 4 5 8 10 12 | 12.0
Fighting       | 1 2 3 4 5 6 8 |  8.6
Stealth        | 2 |  2.0
Fire Magic     | 3 4 5 6 |  6.0
Dodging        | 2 |  2.0
Shields        | 4 |  4.0
Necromancy     | 8 10 | 10.0
Evocations     | 3 4 |  4.0

Action                   |  1- 3 |  4- 6 |  7- 9 | 10-12 || total
-------------------------+-------+-------+-------+-------++-------
Melee: Dagger            |     8 |    13 |       |       ||    21
       Whip              |       |     7 |   115 |   211 ||   333
       Trident           |       |       |       |    98 ||    98
Throw: Stone             |    12 |    26 |    18 |       ||    56
 Cast: Flame Tongue      |    87 |   112 |   147 |    35 ||   381
       Conjure Flame     |     2 |     4 |     3 |    18 ||    27
       Sticky Flame      |       |       |    37 |   138 ||   175
       Throw Flame       |       |       |    33 |   101 ||   134
Evoke: Wand              |       |       |     4 |     2 ||     6
  Use: Scroll            |       |       |    19 |    11 ||    30
 Stab: Sleeping          |       |       |       |     1 ||     1
Armor: Robe              |     8 |     4 |       |    54 ||    66
       Leather armour    |       |     7 |    63 |    55 ||   125
Dodge: Dodged            |    27 |    38 |   149 |   235 ||   449
Block: Buckler           |       |       |       |    91 ||    91

Table legend:
 A = Spawn XP
 B = Non-spawn XP
 C = Spawn XP percentage of total XP
 D = Spawn monster count
 E = Non-spawn monster count
 F = Spawn count percentage of total count
 G = Total turns spent on level
                    A         B        C        D         E        F      G
               +---------+---------+-------+---------+---------+-------+---------
         Total |       0 |   26529 |   0.0 |       0 |     329 |   0.0 | 21434
               +---------+---------+-------+---------+---------+-------+---------
           D:1 |       0 |      26 |   0.0 |       0 |      15 |   0.0 |  1274
           D:2 |       0 |      63 |   0.0 |       0 |      20 |   0.0 |  1729
           D:3 |       0 |     175 |   0.0 |       0 |      25 |   0.0 |  1402
           D:4 |       0 |     108 |   0.0 |       0 |       5 |   0.0 |  1028
           D:5 |       0 |    1226 |   0.0 |       0 |      23 |   0.0 |  1960
           D:6 |       0 |    1592 |   0.0 |       0 |      39 |   0.0 |  2166
           D:7 |       0 |     526 |   0.0 |       0 |      16 |   0.0 |  1366
           D:8 |       0 |    1636 |   0.0 |       0 |      14 |   0.0 |   542
           D:9 |       0 |    2234 |   0.0 |       0 |      33 |   0.0 |  1521
          D:10 |       0 |    4778 |   0.0 |       0 |      61 |   0.0 |  2345
        Lair:1 |       0 |    3833 |   0.0 |       0 |      16 |   0.0 |  1327
        Lair:2 |       0 |    4427 |   0.0 |       0 |      21 |   0.0 |  1606
        Lair:3 |       0 |    1773 |   0.0 |       0 |       7 |   0.0 |   261
        Bailey |       0 |    2280 |   0.0 |       0 |      26 |   0.0 |  2306
         IceCv |       0 |    1852 |   0.0 |       0 |       8 |   0.0 |   510
               +---------+---------+-------+---------+---------+-------+---------
